 Dungeon Crawl Stone Soup version 0.31.0-11-ge490571c62 (webtiles) character file.

Game seed: 2740508274404857285

62 Killerpretzel the Changeling (level 4, -2/29 HPs)
             Began as an Octopode Shapeshifter on Feb 9, 2024.
             Slain by a gnoll
             ... wielding a +0 spear
              (5 damage)
             ... on level 2 of the Dungeon.
             The game lasted 00:01:31 (803 turns).

Killerpretzel the Changeling (Octopode Shapeshifter) Turns: 803, Time: 00:01:32

Health: -2/29      AC:  1    Str: 13    XL:     4   Next: 8%
Magic:  4/4        EV: 13    Int: 12    God:
Gold:   23         SH:  4    Dex: 13    Spells: 3/3 levels left

rFire   . . .        m - +4 dagger
rCold   . . .        n - +0 buckler
rNeg    . . .        (helmet currently unavailable)
rPois   .            (no amulet)
rElec   .            (no ring)
rCorr   .            (no ring)
SInv    .            (no ring)
Will    .....        (no ring)
Stlth   ++           (no ring)
HPRegen 0.24/turn    (no ring)
MPRegen 0.09/turn    (no ring)
                     (no ring)

%: no passive effects
@: beast-form
A: beast (slay +2), almost no armour, amphibious, 8 rings, camouflage 1,
gelatinous body 1, (nimble swimmer 1), tentacles
a: Begin Untransformation


You were on level 2 of the Dungeon.
You were a hulking beast.
You visited 1 branch of the dungeon, and saw 2 of its levels.

You collected 23 gold pieces.

Inventory:

Hand Weapons
 m - a +4 dagger (weapon)
Armour
 n - a +0 buckler (worn)
Jewellery
 f - a ring of magical power
Talismans
 b - a beast talisman
 c - a flux talisman
Scrolls
 e - a scroll of teleportation {unknown}
 g - 2 scrolls of identify {unknown}
 h - a scroll of enchant weapon {unknown}
 k - a scroll of vulnerability {unknown}
 l - a scroll of poison {unknown}
 o - a scroll of butterflies {unknown}
Potions
 a - 2 potions of lignification
 d - a potion of ambrosia {unknown}
 i - 2 potions of degeneration {unknown}
 j - a potion of berserk rage {unknown}


   Skills:
 + Level 1.8 Fighting
 + Level 2.5 Dodging
 + Level 3.4 Unarmed Combat
 * Level 3.6 Shapeshifting


You had 3 spell levels left.
You didn't know any spells.
Your spell library was empty.

Dungeon Overview and Level Annotations

Branches:
Dungeon (2/15)

Altars:


Innate Abilities, Weirdness & Mutations

You are a hulking beast.
Your limbs bulge with bestial killing power. (Slay +2)
You cannot wear most types of armour.
You are amphibious.
You can wear up to eight rings at the same time.
Your skin changes colour to match your surroundings (Stealth+).
Your rubbery body absorbs attacks. (AC +1, EV +1)
((You are camouflaged when in or above water. (Stealth+)))
You have tentacles for arms and can constrict up to eight enemies at once.


Message History

You are too injured to fight recklessly!
You are too injured to fight recklessly!
You are too injured to fight recklessly!
You are too injured to fight recklessly!
There are monsters nearby!
You are too injured to fight recklessly!
You are too injured to fight recklessly!
You are too injured to fight recklessly!
You are too injured to fight recklessly!
You are too injured to fight recklessly!
You are too injured to fight recklessly!
You are too injured to fight recklessly!
You are too injured to fight recklessly!
You are too injured to fight recklessly!
You are too injured to fight recklessly!
There are monsters nearby!
You completely miss the gnoll.
The gnoll is severely wounded.
You constrict the gnoll, but do no damage.
You block the gnoll's attack. The gnoll misses you.
You hit the gnoll.
You kill the gnoll!
The gnoll hits you from afar with a +0 spear.
You have reached level 4!
You hit the goblin.
You kill the goblin!
The gnoll completely misses you. You block the gnoll's attack.
The gnoll hits you with a +0 spear!
* * * LOW HITPOINT WARNING * * *
Things that are here:
a +0 club; a +0 spear; a goblin corpse You hit the gnoll.
You grab the gnoll.
The gnoll is lightly wounded.
You constrict the gnoll. You block the gnoll's attack.
A dart slug comes into view.
You hit the gnoll.
The gnoll is moderately wounded.
You constrict the gnoll, but do no damage.
The gnoll hits you with a +0 spear.
You die...

..........#.# #<
..###...#...# # #.
.......#..###.####
#.
#.#.....#.#........
#$
#.......#.###.###
#. #..#..#.#.# #.
#..#..#.#?# ..
####..#.#)# #. #.
#.#h# #..g.[...#
#<.........
#........##
#.#........
.$#........
......#.....
............w


You could see a gnoll and a dart slug.

Vanquished Creatures
  3 gnolls (D:2)
  A dart slug (D:1)
  3 endoplasms (D:1)
  A giant cockroach (D:1)
  4 goblins
  A hobgoblin (D:1)
  3 kobolds (D:1)
  2 quokkas (D:1)
  3 ball pythons (D:1)
  4 bats
  4 frilled lizards
  3 rats (D:1)
32 creatures vanquished.

Notes
Turn   | Place    | Note
-------+----------+-------------------------------------------
     0 | D:1      | Killerpretzel the Octopode Shapeshifter began the quest for
                  | the Orb.
     0 | D:1      | Reached XP level 1. HP: 13/13 MP: 1/1
   141 | D:1      | Reached XP level 2. HP: 10/18 MP: 2/2
   327 | D:1      | Reached XP level 3. HP: 8/23 MP: 3/3
   800 | D:2      | Reached XP level 4. HP: 9/29 MP: 4/4
   803 | D:2      | Slain by a gnoll

Illustrated notes

Levels and vault maps discovered:
D:1:      dpeg_arrival_fog, layout_rooms
D:2:      layout_basic, eino_tiny_chamber, uniq_crazy_yiuf_cottage

Action                     |  1- 3 |  4- 6 || total
---------------------------+-------+-------++-------
  Melee: Unarmed           |    45 |       ||    45
         Constrict         |    13 |     1 ||    14
         Tentacles         |    11 |       ||    11
         Punch             |     1 |       ||     1
         Dagger            |    10 |     3 ||    13
   Stab: Sleeping          |     9 |       ||     9
 Armour: Skin              |    22 |     2 ||    24
  Dodge: Dodged            |    26 |     1 ||    27
  Block: Buckler           |     2 |     2 ||     4
